AoeStats
← 我是菜鸟 请去打我队友

African Clearing

506429367Analyzed
4v4 RM · 18d ago on Sep 13, 2026· 21m 44s· 8 players
Game mode
Random Map
Map size
Large (8 player)
Population
200
Speed
Normal
Resources
Standard
Victory
Conquest
Starting age
Dark Age
Ending age
Imperial Age
RankedLock teamsTeams togetherTeam positionsShared explorationLock speedFull tech treeHidden civsTurbo modeCheats
Victory
Defeat
🇪🇸 Malians · Spain
1568
+12
1550
+13
🇫🇷 Aztecs · France
1537
+14
🇨🇳 Mongols · China
1512
+16
🇨🇳 Maya · China
1513
-15
🇯🇵 Wei · Japan
1511
-15
🇨🇳 Vietnamese · China
1469
-13
🇨🇳 Huns · China
1456
-12
枕上鸳鸯睡红莲
9:26 Loom
14:33 Feudal Age
15:34 Double-Bit Axe
18:08 Castle Age
15:58 Fishing Lines
19:16 Fletching
19:40 Bow Saw
20:09 Bodkin Arrow
malathrock
8:53 Loom
14:31 Feudal Age
15:24 Double-Bit Axe
19:39 Castle Age
17:35 Horse Collar
19:07 Scale Mail Armor
20:30 Heavy Plow
20:54 Bow Saw
我是菜鸟 请去打我队友
4:56 Loom
14:43 Feudal Age
23:09 Castle Age
21:53 Double-Bit Axe
Raspadori
12:00 Feudal Age
12:32 Loom
12:58 Double-Bit Axe
15:46 Forging
16:28 Town Watch
18:39 Wheelbarrow
18:52 Fletching
桐原冬子
9:26 Loom
12:08 Feudal Age
12:13 Man-at-Arms
13:09 Arson
15:45 Double-Bit Axe
18:32 Horse Collar
19:29 Wheelbarrow
23:28 Castle Age
垃圾小士兵
9:09 Loom
11:30 Feudal Age
12:00 Double-Bit Axe
20:46 Castle Age
18:48 Horse Collar
19:01 Gold Mining
20:27 Forging
20:22 Scale Barding Armor
21:22 Bloodlines
Cusi Yupanqui
10:54 Feudal Age
11:11 Loom
12:05 Double-Bit Axe
17:11 Forging
18:03 Scale Barding Armor
18:57 Fletching
21:21 Bloodlines
李清然
12:12 Feudal Age
13:22 Double-Bit Axe
16:00 Castle Age
16:13 Fletching
17:13 Bow Saw
22:13 Padded Archer Armor
Connection lost

Rejoining the realm…

Still unreachable

The connection could not be restored.

Session expired

The server has moved on; the page needs a fresh start.